 Dungeon Crawl Stone Soup version 0.18.1-48-g4cf74bf (webtiles) character file.

352 PossumBlood the Magician (level 6, -6/32 HPs)
             Began as a Deep Elf Conjurer on Aug 19, 2016.
             Killed from afar by an orc wizard (7 damage)
             ... with a magic dart
             ... on level 3 of the Dungeon.
             The game lasted 00:06:26 (2029 turns).

PossumBlood the Magician (Deep Elf Conjurer)        Turns: 2029, Time: 00:06:27

Health: -6/32      AC:  6    Str:  5    XL:     6   Next: 35%
Magic:  0/17       EV: 13    Int: 22    God:
Gold:   58         SH:  0    Dex: 15    Spells: 3 memorised, 11 levels left

rFire  . . .     SeeInvis .     h - +0 dagger (holy)
rCold  . . .     Gourm    .     a - +0 robe
rNeg   . . .     Faith    .     (no shield)
rPois  +         Spirit   .     q - +1 hat
rElec  .         Dismiss  .     t - +2 cloak {rPois}
rCorr  .         Reflect  .     (no gloves)
SustAt .         Harm     .     (no boots)
MR     +....                    (no amulet)
Stlth  ++........               (no ring)
                                c - ring of protection from magic

@: very slightly contaminated, slowed, very slow, somewhat resistant to hostile
enchantments, unstealthy
A: no striking features
a: no special abilities


You were on level 3 of the Dungeon.
You were not hungry.

You visited 1 branch of the dungeon, and saw 3 of its levels.

You collected 58 gold pieces.

Inventory:

Hand Weapons
 h - a +0 dagger of holy wrath (weapon)
Armour
 a - a +0 robe (worn)
 q - a +1 hat (worn)
 t - a +2 cloak of poison resistance (worn)
Jewellery
 c - a ring of protection from magic (left hand)
Potions
 e - 2 potions of resistance
 i - a potion of haste {unknown}
 j - a potion of curing {unknown}
 n - a potion of cancellation {unknown}
 r - a potion of brilliance
Books
 b - a book of Conjurations

   Spells                             Type                      Level
   a - Magic Dart                     Conjuration                  1
   b - Searing Ray                    Conjuration                  2
   c - Dazzling Spray                 Conjuration/Hexes            3
   d - Fulminant Prism                Conjuration/Hexes            4
   e - Iskenderun's Mystic Blast      Conjuration                  4
   f - Iskenderun's Battlesphere      Conjuration/Charms           5
Miscellaneous
 g - a plain deck of changes
Comestibles
 f - 2 meat rations
 l - a slice of pizza
 o - 2 beef jerkies
 p - a bread ration


   Skills:
 - Level 2.4 Dodging
 - Level 2.4 Stealth
 + Level 6.7 Spellcasting
 + Level 6.7 Conjurations


You had 11 spell levels left.
You knew the following spells:

 Your Spells              Type           Power        Failure   Level  Hunger
a - Magic Dart            Conj           ####         1%          1    None
b - Searing Ray           Conj           #####.       1%          2    None
c - Iskenderun's Mystic   Conj           #####...     8%          4    ###....


Dungeon Overview and Level Annotations

Branches:
Dungeon (3/15)

Altars:
Nemelex Xobeh


Message History

* * * LOW HITPOINT WARNING * * *
You hit Jessica but do no damage.
Jessica is almost dead.
Jessica casts a spell at you. You resist with some effort.
Jessica points at you and mumbles some strange words.
Pain shoots through your body!
* * * LOW HITPOINT WARNING * * *
An orc wizard comes into view. It is wielding a dagger.
Casting: Magic Dart
Confirm with . or Enter, or press ? or * to list all spells.
Aiming: Magic Dart
Press: ? - help, Shift-Dir - straight line, f - Jessica
Aim: Jessica, wielding a club and wearing a robe (almost dead)
The magic dart hits Jessica.
You kill Jessica!
The orc wizard shouts!
The orc wizard gestures at you while chanting.
The magic dart hits you!
You die...

#..# #o)#
#[.# #..#
#..# #..#
#).#
#####.)###
#.<....@.#
#.######.#
#....# #.#
####.# #.#
#.# #†#
######.###.#
............#
.######.#####
#.#


You could see an orc wizard.

Vanquished Creatures
  Sigmund (D:2)
  An orc priest (D:3)
  Crazy Yiuf (D:2)
  Jessica (D:3)
  Ijyb (D:2)
  Robin (D:2)
  An adder (D:2)
  An ooze (D:1)
  3 dart slugs
  3 giant geckos
  4 orcs (D:3)
  4 bats
  4 giant cockroaches
  12 goblins
  8 hobgoblins
  A quokka (D:2)
  2 giant newts
  6 kobolds
  9 rats
64 creatures vanquished.

Notes
Turn   | Place    | Note
--------------------------------------------------------------
     0 | D:1      | PossumBlood the Deep Elf Conjurer began the quest for the Orb.
     0 | D:1      | Reached XP level 1. HP: 10/10 MP: 6/6
    64 | D:1      | Found a sparkling altar of Nemelex Xobeh.
    94 | D:1      | Reached XP level 2. HP: 15/15 MP: 3/8
   648 | D:1      | Reached XP level 3. HP: 19/19 MP: 7/10
   802 | D:2      | Noticed Robin
   812 | D:2      | Killed Robin
   812 | D:2      | Reached skill level 5 in Conjurations
  1040 | D:2      | Noticed Ijyb
  1067 | D:2      | Killed Ijyb
  1067 | D:2      | Reached skill level 5 in Spellcasting
  1067 | D:2      | Reached XP level 4. HP: 9/24 MP: 0/13
  1540 | D:2      | Noticed Sigmund
  1550 | D:2      | Killed Sigmund
  1550 | D:2      | Reached XP level 5. HP: 18/28 MP: 4/15
  1660 | D:2      | Learned a level 2 spell: Searing Ray
  1665 | D:2      | Learned a level 4 spell: Iskenderun's Mystic Blast
  1860 | D:2      | Noticed Crazy Yiuf
  1867 | D:2      | Killed Crazy Yiuf
  1867 | D:2      | Reached XP level 6. HP: 32/32 MP: 9/17
  1996 | D:3      | Noticed Jessica
  2028 | D:3      | HP: 1/32 [Jessica/nerve-wracking pain (1)]
  2029 | D:3      | Killed Jessica
  2029 | D:3      | Killed from afar by an orc wizard

Skill      XL: |  1  2  3  4 |
---------------+-------------+-----
Spellcasting   | 4 5 6 |  6.7
Conjurations   | 5 6 |  6.7
Dodging        | |  2.4
Stealth        | |  2.4

Action                   |  1- 3 |  4- 6 || total
-------------------------+-------+-------++-------
Melee: Dagger            |    31 |     4 ||    35
 Cast: Magic Dart        |    84 |    66 ||   150
  Use: Scroll            |       |     5 ||     5
  Eat: Bread ration      |       |     1 ||     1
Armor: Robe              |     7 |     4 ||    11
Dodge: Dodged            |    27 |    18 ||    45
